 Seeded DCSS version 0.31-a0-233-g139696dc86 (webtiles) character file.

Game seed: 13427028259722252286 (custom seed)

138 innerfire43 the Chopper (level 5, 0/42 HPs)
             Began as a Demonspawn Monk on July 8, 2023.
             Splashed by a jelly's acid (6 damage)
             ... on level 3 of the Dungeon.
             The game lasted 00:04:24 (2329 turns).

innerfire43 the Chopper (Demonspawn Monk)           Turns: 2329, Time: 00:04:25

Health: 0/42       AC: -8    Str: 13    XL:     5   Next: 1%
Magic:  5/5        EV: 13    Int: 12    God:
Gold:   67         SH:  0    Dex: 15    Spells: 4/4 levels left

rFire   . . .        a - +0 hand axe
rCold   . . .        d - orb {light}
rNeg    . . .        b - +0 robe
rPois   .            c - +0 helmet
rElec   .            g - +0 cloak
rCorr   .            f - +0 pair of gloves
SInv    .            q - +0 pair of boots
Will    .....        (no amulet)
Stlth   +            (no ring)
HPRegen 0.27/turn    (no ring)
MPRegen 0.09/turn

%: no passive effects
@: corroded, glowing
A: thin metallic scales 1, demonic guardian 1
a: no special abilities


You were on level 3 of the Dungeon.
You visited 1 branch of the dungeon, and saw 3 of its levels.

You collected 67 gold pieces.

Inventory:

Hand Weapons
 a - a +0 hand axe (weapon)
Armour
 b - a +0 robe (worn)
 c - a +0 helmet (worn)
 d - an orb of light (worn)
 f - a +0 pair of gloves (worn)
 g - a +0 cloak (worn)
 q - a +0 pair of boots (worn)
Jewellery
 l - a ring of willpower
 o - a +6 ring of strength
Scrolls
 h - 2 scrolls of revelation {unknown}
 i - 2 scrolls of teleportation {unknown}
 j - a scroll of immolation {unknown}
 n - a scroll of identify {unknown}
 r - a scroll of poison {unknown}
 s - a scroll of enchant weapon {unknown}
Potions
 e - a potion of attraction {unknown}
 k - a potion of resistance {unknown}
 m - 2 potions of cancellation {unknown}
 p - a potion of magic {unknown}


   Skills:
 + Level 3.8 Fighting
 * Level 4.1 Axes
 + Level 3.4 Dodging


You had 4 spell levels left.
You didn't know any spells.
Your spell library was empty.

Dungeon Overview and Level Annotations

Branches:
Dungeon (3/15)

Altars:

Shops:
D:1 (   D:2 :


Innate Abilities, Weirdness & Mutations

You are partially covered in thin metallic scales. (AC +2)
A weak demonic guardian rushes to your aid.


Message History

Unknown command.
Unknown command.
Unknown command.
The jelly hits you but does no damage.
Unknown command.
You hit the jelly but do no damage. The acid corrodes you!
Your hands burn!
The jelly hits you but does no damage.
You hit the jelly.
Your hands burn!
The jelly is moderately wounded.
The jelly hits you. The acid corrodes you!
You are splashed with acid!
You hit the jelly.
Your hands burn!
The jelly is moderately wounded.
The jelly closely misses you.
You hit the jelly but do no damage.
Your hands burn!
The jelly is moderately wounded.
The jelly hits you. The acid corrodes you!
You are splashed with acid!
* * * LOW HITPOINT WARNING * * *
You hit the jelly.
Your hands burn!
* * * LOW HITPOINT WARNING * * *
A demonic guardian appears!
The jelly is severely wounded.
The jelly closely misses you.
Your quasit bites the jelly.
The acid corrodes your quasit!
Your quasit is burned by acid!
Your quasit claws the jelly.
Your quasit is burned by acid!
Your quasit claws the jelly.
Your quasit is burned by acid!
The jelly hits your quasit.
Your quasit is splashed with acid.
Your quasit seems to be corroded for longer.
Your quasit dies!
Your quasit disappears in a puff of smoke!
The jelly quivers.
Unknown command.
There is a stone staircase leading down here.
Unknown command.
The jelly attacks as you move away! The jelly hits you.
* * * LOW HITPOINT WARNING * * *
The acid corrodes you!
You are splashed with acid.
You die...

. ...
.....########
...........>#
......#####J#
..... #@#
.... #.# ...
#.# .. #.# .
#.# #.# #.#
#.# #.#


You could see a jelly.

Vanquished Creatures
  Natasha (D:2)
  An adder (D:3)
  2 dart slugs
  An orc (D:3)
  2 bats (D:1)
  6 endoplasms
  3 giant cockroaches (D:1)
  5 goblins
  A hobgoblin (D:2)
  3 quokkas
  4 ball pythons
  5 frilled lizards (D:1)
  7 kobolds
  7 rats
48 creatures vanquished.

Vanquished Creatures (collateral kills)
  Natasha (twice) (D:2)
  A kobold (D:2)
3 creatures vanquished.

Grand Total: 51 creatures vanquished

Notes
Turn   | Place    | Note
-------+----------+-------------------------------------------
     0 | D:1      | innerfire43 the Demonspawn Monk began the quest for the
                  | Orb.
     0 | D:1      | Reached XP level 1. HP: 18/18 MP: 1/1
   193 | D:1      | Reached skill level 3 in Axes
   193 | D:1      | Gained mutation: You are partially covered in thin metallic
                  | scales. (AC +2) [demonic ancestry]
   193 | D:1      | Reached XP level 2. HP: 22/24 MP: 2/2
   596 | D:1      | Found Foghidol's Weapon Shoppe.
   704 | D:1      | Gained mutation: A weak demonic guardian rushes to your
                  | aid. [demonic ancestry]
   704 | D:1      | Reached XP level 3. HP: 29/29 MP: 3/3
  1190 | D:2      | Found Demuomoto's Book Emporium.
  1325 | D:2      | Noticed Natasha
  1338 | D:2      | Killed Natasha
  1392 | D:2      | Reached XP level 4. HP: 35/35 MP: 4/4
  1530 | D:2      | Noticed Natasha
  1537 | D:2      | Killed Natasha
  1671 | D:2      | Noticed Natasha
  1684 | D:2      | Killed Natasha
  1685 | D:2      | Reached skill level 4 in Axes
  2265 | D:3      | Reached XP level 5. HP: 42/42 MP: 5/5
  2329 | D:3      | Splashed by a jelly's acid

Illustrated notes

Levels and vault maps discovered:
D:1:      nzn_arrival_depleted_hourglass, layout_basic, serial_shops, shop,
          nicolae_houndstooth_variations
D:2:      layout_basic, serial_shops, nicolae_shop_getting_attention,
          uniq_natasha
D:3:      layout_basic

Skill      XL: |  1  2  3  4 |
---------------+-------------+-----
Axes           | 3 4 |  4.1
Dodging        | 3 |  3.4
Fighting       | |  3.8

Action                     |  1- 3 |  4- 6 || total
---------------------------+-------+-------++-------
  Melee: Hand axe          |   115 |    44 ||   159
    Use: Potion            |     1 |       ||     1
 Armour: Robe              |    31 |     7 ||    38
  Dodge: Dodged            |    69 |    26 ||    95

Table legend: (Time is in decaauts)
 A = Elapsed time spent in this place.
 B = Non-inter-level travel time spent in this place.
 C = Inter-level travel time spent in this place.
 D = Time resting spent in this place.
 E = Time spent auto-exploring this place.
 F = Levels seen in this place.
 G = Mean time per level.
                   A        B        C        D        E       F      G
               +--------+--------+--------+--------+--------+-----+--------+
         Total |   2349 |   2222 |    127 |      0 |   1781 |   3 |  783.0 |
       Dungeon |   2349 |   2222 |    127 |      0 |   1781 |   3 |  783.0 |
               +--------+--------+--------+--------+--------+-----+--------+

Top non-repeatable levels by time:
     D:2: 1167 daAuts
     D:1: 1021 daAuts
     D:3: 160 daAuts
